Map: Thunderbird LE

Players

ShoWTimE

  • Race: Protoss Protoss
  • League: Grandmaster
  • Spawn Location: 5:00

Elazer - Winner!

  • Race: Zerg Zerg
  • League: Grandmaster
  • Spawn Location: 11:00

Event: HomeStory Cup XIX

VOD

Have the link to the VOD?

Description

Time

  • Played on: June 28, 2019, 11:41 a.m.
  • Length: 5:51

All games in this series

Show
View Real Time Build Order
Export as new Build Order

ShoWTimE Protoss 

Build Orders: 1 Gate Expand 

Get SALT Encoding   

  12  0:00  Probe  
  13  0:12  Probe  
  14  0:18  Pylon  
  14  0:24  Probe  
  15  0:32  Probe  
  15  0:38  Gateway  
  15  0:40  Probe  
  16  0:49  Assimilator  
  17  0:51  Probe  
  18  1:03  Probe  
  19  1:15  Probe  
  20  1:25  Cybernetics Core  
  20  1:33  Nexus  
  20  1:37  Probe  
  21  1:42  Pylon  
  21  1:49  Probe  
  21  1:51  Assimilator  
  21  1:52  Adept  
  22  2:01  Probe  
  25  2:10  Robotics Facility  
  25  2:12  Adept  
  25  2:13  Probe  
  28  2:24  Warp Gate  
  28  2:25  Probe  
  29  2:37  Probe  
  30  2:45  Stalker  
  30  2:46  Probe  
  30  2:47  Warp Prism  
  30  2:50  Probe  
  36  2:58  Probe  
  37  3:15  Sentry  
  37  3:16  Immortal  
  39  3:21  Probe x2, Pylon  
  43  3:34  Gateway  
  43  3:43  Gateway  
  43  3:49  Gateway  
  43  3:50  Gateway  
  43  3:51  Immortal  
  47  4:08  Pylon  
  47  4:10  Assimilator  
  47  4:13  Stalker  
  49  4:19  Pylon  
  49  4:31  Stalker  
  51  4:37  Stalker x2  
  55  4:44  Stalker x2  
  59  4:46  Pylon  
  59  4:53  Zealot  
  61  5:00  Zealot x2  
  57  5:22  Zealot x5  
  57  5:24  Pylon  
Show
View Real Time Build Order
Export as new Build Order

Elazer Zerg - Winner!

Build Orders: Hatch First 

Get SALT Encoding   

  12  0:00  Drone  
  13  0:12  Overlord  
  13  0:16  Drone  
  14  0:30  Drone x2  
  16  0:47  Hatchery  
  15  0:50  Drone  
  15  0:54  Drone  
  17  0:57  Drone  
  18  1:08  Extractor  
  17  1:12  Spawning Pool  
  17  1:15  Drone  
  17  1:19  Drone  
  18  1:29  Drone  
  19  1:39  Drone  
  20  1:49  Drone  
  21  1:59  Queen x2  
  21  2:00  Zergling x2, Overlord  
  26  2:10  Drone  
  26  2:11  Zergling x2  
  28  2:21  Drone x2  
  30  2:27  Hatchery  
  29  2:32  Drone x2  
  30  2:39  Queen  
  30  2:42  Metabolic Boost  
  32  2:47  Overlord  
  32  2:55  Drone  
  32  2:58  Drone x2  
  35  3:07  Drone  
  35  3:08  Drone  
  35  3:09  Zergling x4  
  35  3:11  Spore Crawler  
  37  3:19  Drone x4  
  40  3:23  Overlord  
  40  3:25  Drone  
  42  3:29  Lair  
  42  3:39  Queen  
  44  3:42  Drone x3  
  44  3:43  Drone  
  44  3:44  Drone  
  49  3:52  Drone x4  
  49  3:54  Extractor  
  49  3:55  Extractor  
  51  3:58  Roach Warren  
  51  3:59  Drone  
  51  4:04  Drone x2  
  51  4:06  Drone  
  51  4:07  Zergling x2  
  51  4:09  Drone  
  56  4:10  Drone  
  57  4:18  Zergling x2  
  57  4:19  Overlord  
  57  4:23  Overlord  
  58  4:26  Overlord  
  58  4:28  Overlord  
  58  4:38  Roach x4  
  66  4:40  Overlord  
  66  4:44  Roach  
  66  4:45  Roach x2  
  72  4:46  Spine Crawler  
  72  4:49  Roach x2  
  72  4:52  Roach  
  77  4:55  Roach x2  
  77  4:59  Ravager  
  83  5:00  Ravager  
  83  5:01  Zergling x2  
  83  5:02  Zergling x6  
  83  5:05  Zergling x4  
  83  5:07  Ravager  
  90  5:12  Zergling x6  
  92  5:16  Overlord  
  92  5:21  Roach x2  
  93  5:24  Ravager  
  93  5:25  Zergling x6  
  95  5:32  Roach  
Tags
 
Add a new tag
Caveats
  • Supply blocks, unpowered buildings, or Contaminate may cause inaccurate times.
  • Supply counts are checked every 10 seconds.